Map: Scythe of Amon

Players

FILIP

  • Race: Protoss Protoss
  • Spawn Location: 5:00

NamroodTuo

  • Race: Zerg Zerg

VOD

Have the link to the VOD?

Description

Time

  • Played on: June 5, 2023, 8:49 a.m.
  • Length: 11:36
Show
View Real Time Build Order
Export as new Build Order

FILIP Protoss 

Build Orders:  

Get SALT Encoding   

  12  0:05  Probe (Chrono Boost)  
  13  0:19  Probe (Chrono Boost)  
  14  0:31  Probe (Chrono Boost)  
  15  0:53  Pylon  
  15  0:57  Assimilator  
  15  1:00  Probe (Chrono Boost)  
  15  1:03  Assimilator  
  16  1:12  Probe (Chrono Boost)  
  17  1:23  Gateway  
  17  1:29  Probe (Chrono Boost)  
  18  1:41  Probe (Chrono Boost)  
  19  1:53  Probe (Chrono Boost)  
  20  2:05  Probe (Chrono Boost)  
  21  2:19  Probe (Chrono Boost)  
  22  2:31  Probe (Chrono Boost)  
  22  2:34  Cybernetics Core  
  23  2:43  Probe (Chrono Boost)  
  24  2:55  Probe (Chrono Boost)  
  25  3:07  Probe (Chrono Boost)  
  26  3:19  Probe (Chrono Boost)  
  27  3:35  Stargate  
  27  3:42  Twilight Council  
  27  3:53  Protoss Air Weapons Level 1  
  27  3:57  Dragoon  
  27  3:59  Dragoon  
  31  4:00  Dragoon  
  33  4:58  Fleet Beacon  
  33  6:03  Protoss Air Weapons Level 2  
  29  6:48  Tempest  
  31  7:22  Zealot x2  
  31  7:23  Zealot  
  37  7:36  Gateway  
  37  7:38  Gateway  
  37  7:45  Forge  
  37  7:51  Twilight Council  
  37  8:47  Zealot  
  37  8:48  Zealot  
  37  8:49  Zealot x2  
  39  8:50  Zealot  
  41  9:02  Tempest  
  29  9:55  Tempest  
  33  10:09  Zealot x2  
  35  10:10  Zealot  
  35  10:12  Zealot x3  
  35  10:13  Zealot x2  
Show
View Real Time Build Order
Export as new Build Order

NamroodTuo Zerg 

Build Orders:  

Get SALT Encoding   

  12  0:22  Infested Barracks  
  12  0:41  Infested SCV x3  
  15  0:51  Overlord  
  15  1:18  Infested SCV  
  16  1:23  Infestation Level 1  
  16  1:28  Infested SCV  
  17  1:34  Infested SCV  
  17  1:38  Infested SCV  
  19  1:48  Overlord  
  19  2:01  Infested SCV  
  20  2:17  Infested SCV  
  21  2:33  Infested SCV  
  22  2:46  Infested Bunker  
  26  2:53  Infested SCV  
  26  2:58  Infested Refinery  
  27  3:05  Overlord  
  27  3:18  Infested Refinery  
  27  3:34  Infested SCV  
  27  3:37  Infested SCV  
  29  4:42  Infested SCV x3  
  32  4:54  Infested Engineering Bay  
  36  5:10  Infested Bunker  
  36  5:26  Overlord x2  
  36  5:32  Stukov Infantry Weapons Level 1  
  36  5:35  Infestation Level 2  
  36  5:55  Infested Bunker  
  40  6:01  Infested Barracks Tech Lab  
  40  6:28  Unknown  
  40  6:57  Infested Bunker  
  44  7:22  Retinal Augmentation  
  44  7:23  Infested SCV  
  44  7:24  Infested SCV  
  44  7:25  Overlord  
  46  7:35  Anaerobic Enhancement  
  46  7:39  Infested Marine x3  
  49  7:40  Infested Marine x6  
  55  8:12  Stukov Infantry Armor Level 1  
  51  8:20  Infested Bunker  
  51  8:35  Broodling Gestation  
  50  8:59  Plagued Munitions  
  54  9:08  Infested SCV  
  55  9:13  Infested Bunker  
  55  9:18  Infested Factory  
  50  10:15  Infested Marine  
  50  10:16  Infested Marine x4  
  54  10:27  Infested Armory  
  44  10:45  Infested Marine  
  44  10:46  Infested Marine x14  
  44  10:47  Infested Marine x5  
  32  11:12  Infested Marine x5  
Tags
 
Commander
ArtanisStukov
Matchup
Co-op
Replay Pack
Multiplayer
Add a new tag
Caveats
  • Supply blocks, unpowered buildings, or Contaminate may cause inaccurate times.
  • Supply counts are checked every 10 seconds.